 Dungeon Crawl Stone Soup version 0.30-a0-728-gc68057be0a (webtiles) character file.

Game seed: 15859875503313367153

595 testman the Fighter (level 7, -1/67 HPs)
             Began as a Gnoll Wanderer on Jan 30, 2023.
             Slain by an orc wizard
             ... wielding a +0 dagger
              (5 damage)
             ... on level 4 of the Dungeon.
             The game lasted 00:14:25 (3626 turns).

testman the Fighter (Gnoll Wanderer)                Turns: 3626, Time: 00:14:25

Health: -1/67      AC: -4    Str: 10    XL:     7   Next: 40%
Magic:  7/12       EV: 12    Int: 15    God:
Gold:   208        SH:  0    Dex: 11    Spells: 9/13 levels left

rFire   . . .      SeeInvis .    g - +1 dagger (speed)
rCold   . . .      Faith    .    (no shield)
rNeg    . . .      Spirit   .    c - +1 robe
rPois   .          Reflect  .    (no helmet)
rElec   .          Harm     .    (no cloak)
rCorr   .          Rampage  .    (no gloves)
Will    .....                    (no boots)
Stlth   ++                       s - amulet of the acrobat
HPRegen 0.31/turn                t - ring of flight
MPRegen 0.13/turn                (no ring)

@: corroded, flying, very slightly contaminated
A: fangs 1, strong nose, distributed training
a: no special abilities


You were on level 4 of the Dungeon.
You visited 1 branch of the dungeon, and saw 4 of its levels.
You also visited: Ossuary.

You collected 208 gold pieces.

Inventory:

Hand Weapons
 a - the +2 flail of Doom {antimagic, Stlth+}
   (You found it on level 4 of the Dungeon)

   Stlth:     It makes you more stealthy.
 g - a +1 dagger of speed (weapon)
Missiles
 h - 5 curare-tipped darts
 m - 5 poisoned darts
Armour
 c - a +1 robe (worn)
Jewellery
 s - an amulet of the acrobat (around neck)
 t - a ring of flight (left hand)
Wands
 r - a wand of flame (10)
Scrolls
 b - 3 scrolls of fear
 d - a scroll of vulnerability
 f - a scroll of torment
 i - a scroll of enchant armour
 j - 2 scrolls of teleportation
 l - a scroll of summoning
 w - 2 scrolls of noise {unknown}
 y - 2 scrolls of magic mapping {unknown}
 C - a scroll of amnesia {unknown}
 D - a scroll of poison
Potions
 e - a potion of heal wounds
 k - 6 potions of curing
 n - a potion of cancellation {unknown}
 o - a potion of flight {unknown}
 p - a potion of degeneration {unknown}
 q - 2 potions of mutation {unknown}
 u - a potion of resistance {unknown}
 v - a potion of magic {unknown}
 z - 2 potions of attraction {unknown}
 A - 2 potions of brilliance {unknown}
 B - a potion of haste {unknown}


   Skills:
 + Level 10.7 Fighting
 + Level 2.5 Short Blades
 + Level 2.5 Long Blades
 + Level 2.5 Axes
 + Level 2.5 Maces & Flails
 + Level 2.5 Polearms
 + Level 2.5 Staves
 + Level 2.5 Ranged Weapons
 + Level 2.5 Throwing
 + Level 2.5 Armour
 + Level 2.5 Dodging
 + Level 2.5 Stealth
 + Level 2.5 Shields
 + Level 2.5 Unarmed Combat
 + Level 3.8 Spellcasting
 + Level 2.1 Conjurations
 + Level 2.1 Hexes
 + Level 5.8 Summonings
 + Level 2.1 Necromancy
 + Level 2.1 Translocations
 + Level 3.0 Transmutations
 + Level 2.1 Fire Magic
 + Level 2.1 Ice Magic
 + Level 2.1 Air Magic
 + Level 2.1 Earth Magic
 + Level 2.1 Poison Magic
 + Level 2.8 Invocations
 + Level 2.5 Evocations


You had 9 spell levels left.
You knew the following spells:

 Your Spells              Type           Power      Damage    Failure   Level
a - Summon Small Mammal   Summ           80%        N/A       1%          1
b - Beastly Appendage     Tmut           24%        N/A       5%          1
c - Call Imp              Summ           20%        N/A       2%          2

Your spell library contained the following spells:

 Spells                   Type           Power      Damage    Failure   Level
 Shock                    Conj/Air       36%        1d5       8%          1
 Static Discharge         Conj/Air       18%        2-3/arc   12%         2
 Ignite Poison            Fire/Tmut/Pois 10%        N/A       21%         3
 Swiftness                Air            9%         N/A       24%         3
 Vhi's Electric Charge    Tloc/Air       18%        N/A       24%         3
 Summon Ice Beast         Ice/Summ       14%        N/A       34%         4
 Airstrike                Air            4%         2d(1-17)  61%         4
 Arcjolt                  Conj/Air       4%         1d14      91%         5
 Lightning Bolt           Conj/Air       4%         1d16      91%         5


Dungeon Overview and Level Annotations

Branches:
Dungeon (4/15)            Ossuary (visited)
 Temple: D:4-7

Altars:

Annotations:
D:4 Grinder


Innate Abilities, Weirdness & Mutations

You have very sharp teeth.
Your uncanny sense of smell can sniff out nearby items.
Your experience applies equally to all skills.


Message History

You hit the orc wizard but do no damage.
The orc wizard is moderately wounded.
The orc wizard misses you. Something hits you.
Your white imp closely misses something.
You hit the orc wizard.
You bite the orc wizard, but do no damage.
The orc wizard is heavily wounded.
You hit the orc wizard but do no damage.
Your bite misses the orc wizard.
The orc wizard is heavily wounded.
You hear some strange, mumbled words.
A magic dart appears from out of thin air!
The magic dart hits you!
* * * LOW HITPOINT WARNING * * *
The orc wizard hits you with a +0 dagger.
* * * LOW HITPOINT WARNING * * *
Your white imp misses something.
You hit the orc wizard but do no damage.
The orc wizard is heavily wounded.
You hit the orc wizard but do no damage.
You bite the orc wizard, but do no damage.
The orc wizard is heavily wounded.
Something hits you.
* * * LOW HITPOINT WARNING * * *
The orc wizard misses you.
Your white imp closely misses something.
Casting: Beastly Appendage (safe; 5% risk of failure)
Press: ? - help, Q - select action, (/) - cycle Dir - look around, f - activate You miscast Beastly Appendage.
You are very lightly contaminated with residual magic.
Nothing appears to happen.
Something hits you.
* * * LOW HITPOINT WARNING * * *
The orc wizard casts a spell.
The orc wizard flickers and vanishes!
Something barely misses your white imp.
There is a stone staircase leading up here.
Something closely misses your white imp.
Something hits you.
You die...

#...#............. ♣♣.
#..###).......... ♣..
##.####........#.##### ♣..
..##..##........###.....# #..
#.....#.....)...#.......###).
##.###..............###.......
###..###......{......## #......#
.#.....#........5....## ##.....#
................@.)[[# #......
.....................# ##......
###................$.## #.......
#####.................# #........
.####.................#...###....
.8.......................# ###..
......................... ##.
...8..................#... ##
......................##.. ## #


You could see a friendly white imp (summoned).

Vanquished Creatures
  Menkaure (Ossuary)
  A jelly (D:4)
  A hound (D:4)
  An orc priest (D:4)
  An orc wizard (D:4)
  2 mummies (Ossuary)
  3 gnolls (D:2)
  7 adders
  2 orcs (D:4)
  5 ball pythons
  8 endoplasms
  6 giant cockroaches
  5 gnoll zombies (Ossuary)
  3 goblins
  6 hobgoblins
  2 jackals (D:2)
  4 kobolds
  3 quokkas
  2 bats
  6 frilled lizards
  4 gnoll skeletons (Ossuary)
  3 goblin skeletons (Ossuary)
  4 goblin zombies (Ossuary)
  A hobgoblin zombie (Ossuary)
  4 kobold skeletons (Ossuary)
  8 kobold zombies (Ossuary)
  5 orc skeletons (Ossuary)
  2 orc zombies (Ossuary)
  4 rats
  9 rat skeletons (Ossuary)
  5 rat zombies (Ossuary)
118 creatures vanquished.

Vanquished Creatures (collateral kills)
  A black bear (D:4)
  A mummy (Ossuary)
  2 gnolls (D:2)
  A worm (D:2)
  2 orcs (D:4)
  2 goblins
  A hobgoblin (D:2)
  2 bats
  2 rats
14 creatures vanquished.

Grand Total: 132 creatures vanquished

Notes
Turn   | Place    | Note
-------+----------+-------------------------------------------
     0 | D:1      | Reached skill level 10 in Fighting
     0 | D:1      | testman the Gnoll Wanderer began the quest for the Orb.
     0 | D:1      | testman set off with the following items: a +0 dagger, a
                  | scroll of fear, a +0 robe, a scroll of vulnerability; and
                  | the following spells available to memorise: Summon Small
                  | Mammal, Call Imp, Beastly Appendage, Ignite Poison, Summon
                  | Ice Beast.
     0 | D:1      | Reached XP level 1. HP: 29/29 MP: 4/4
     2 | D:1      | Learned a level 1 spell: Summon Small Mammal
     4 | D:1      | Learned a level 1 spell: Beastly Appendage
    86 | D:1      | Reached XP level 2. HP: 36/36 MP: 3/5
   364 | D:1      | Reached XP level 3. HP: 26/42 MP: 4/7
   370 | D:1      | Learned a level 2 spell: Call Imp
   732 | D:2      | Reached skill level 1 in Invocations
   735 | D:2      | Reached skill level 1 in Short Blades
   735 | D:2      | Reached skill level 1 in Long Blades
   735 | D:2      | Reached skill level 1 in Axes
   735 | D:2      | Reached skill level 1 in Maces & Flails
   735 | D:2      | Reached skill level 1 in Polearms
   735 | D:2      | Reached skill level 1 in Staves
   735 | D:2      | Reached skill level 1 in Ranged Weapons
   735 | D:2      | Reached skill level 1 in Throwing
   735 | D:2      | Reached skill level 1 in Armour
   735 | D:2      | Reached skill level 1 in Dodging
   735 | D:2      | Reached skill level 1 in Stealth
   735 | D:2      | Reached skill level 1 in Shields
   735 | D:2      | Reached skill level 1 in Unarmed Combat
   735 | D:2      | Reached skill level 1 in Evocations
   737 | D:2      | Reached XP level 4. HP: 25/48 MP: 4/8
   745 | D:2      | Reached skill level 1 in Conjurations
   745 | D:2      | Reached skill level 1 in Hexes
   745 | D:2      | Reached skill level 1 in Necromancy
   745 | D:2      | Reached skill level 1 in Translocations
   745 | D:2      | Reached skill level 1 in Fire Magic
   745 | D:2      | Reached skill level 1 in Ice Magic
   745 | D:2      | Reached skill level 1 in Air Magic
   745 | D:2      | Reached skill level 1 in Earth Magic
   745 | D:2      | Reached skill level 1 in Poison Magic
  1554 | D:3      | Reached XP level 5. HP: 40/54 MP: 4/9
  2376 | D:4      | Noticed a black bear
  2385 | D:4      | Identified the +2 flail of Doom {antimagic, Stlth+}
  2396 | D:4      | Noticed Grinder
  2417 | D:4      | Killed a black bear
  2418 | D:4      | Reached XP level 6. HP: 45/61 MP: 7/11
  2504 | D:4      | Found a sand-covered staircase.
  2514 | Ossuary  | Entered an ossuary
  2983 | Ossuary  | Noticed Menkaure
  3364 | Ossuary  | Killed Menkaure
  3365 | Ossuary  | Reached XP level 7. HP: 28/67 MP: 2/12
  3626 | D:4      | Slain by an orc wizard

Illustrated notes

Levels and vault maps discovered:
D:1:      dpeg_arrival_triangle_fractal, layout_rooms, serial_rivers,
          chequers_serial_rivers_marsh, chequers_serial_rivers_micro_b,
          chequers_serial_rivers_micro_a, chequers_serial_rivers_large_b,
          chequers_serial_rivers_small_a
D:2:      layout_basic, cheibrodos_gnoll_hut
D:3:      layout_rooms
D:4:      layout_layer_cave, nicolae_ossuary_entry_monument,
          grunt_decor_one_mirror, uniq_crazy_yiuf_cottage, uniq_duvessa,
          uniq_natasha, uniq_grinder

Skill      XL: |  1  2  3  4  5  6  7 |
---------------+----------------------+-----
Fighting       | | 10.7
Transmutations | 2 3 |  3.0
Invocations    | 1 2 |  2.8
Short Blades   | 1 2 |  2.5
Long Blades    | 1 2 |  2.5
Axes           | 1 2 |  2.5
Maces & Flails | 1 2 |  2.5
Polearms       | 1 2 |  2.5
Staves         | 1 2 |  2.5
Ranged Weapons | 1 2 |  2.5
Throwing       | 1 2 |  2.5
Armour         | 1 2 |  2.5
Dodging        | 1 2 |  2.5
Stealth        | 1 2 |  2.5
Shields        | 1 2 |  2.5
Unarmed Combat | 1 2 |  2.5
Evocations     | 1 2 |  2.5
Spellcasting   | 3 |  3.8
Conjurations   | 1 2 |  2.1
Hexes          | 1 2 |  2.1
Necromancy     | 1 2 |  2.1
Translocations | 1 2 |  2.1
Fire Magic     | 1 2 |  2.1
Ice Magic      | 1 2 |  2.1
Air Magic      | 1 2 |  2.1
Earth Magic    | 1 2 |  2.1
Poison Magic   | 1 2 |  2.1
Summonings     | |  5.8

Action                     |  1- 3 |  4- 6 |  7- 9 || total
---------------------------+-------+-------+-------++-------
  Melee: Dagger            |   104 |   390 |    47 ||   541
         Kick              |    16 |    22 |       ||    38
         Headbutt          |    11 |     9 |       ||    20
         Bite              |     7 |    48 |     6 ||    61
         Punch             |       |     9 |     3 ||    12
         Flail             |       |     6 |       ||     6
  Throw: Dart              |       |       |     1 ||     1
   Cast: Beastly Appendage |     7 |    11 |       ||    18
         Summon Small Mamm |     3 |     7 |     3 ||    13
         Call Imp          |     1 |    10 |     3 ||    14
    Use: Scroll            |       |     8 |     1 ||     9
         Potion            |       |       |     1 ||     1
   Stab: Sleeping          |     1 |     5 |       ||     6
         Distracted        |       |     1 |       ||     1
 Armour: Robe              |    26 |    55 |     9 ||    90
  Dodge: Dodged            |    75 |   120 |    21 ||   216

Table legend: (Time is in decaauts)
 A = Elapsed time spent in this place.
 B = Non-inter-level travel time spent in this place.
 C = Inter-level travel time spent in this place.
 D = Time resting spent in this place.
 E = Time spent auto-exploring this place.
 F = Levels seen in this place.
 G = Mean time per level.
                   A        B        C        D        E       F      G
               +--------+--------+--------+--------+--------+-----+--------+
         Total |   3442 |   3358 |     84 |    328 |   1989 |   5 |  688.4 |
       Dungeon |   2539 |   2455 |     84 |    111 |   1663 |   4 |  634.8 |
       Ossuary |    902 |    902 |      0 |    217 |    326 |   1 |  902.0 |
               +--------+--------+--------+--------+--------+-----+--------+

Top non-repeatable levels by time:
 Ossuary: 902 daAuts
     D:2: 796 daAuts
     D:1: 739 daAuts
     D:3: 708 daAuts
     D:4: 295 daAuts
